 Dungeon Crawl Stone Soup version 0.18-a0-1481-g708b138 (webtiles) character file.

339083 MDvedh the Fetichist (level 22, -4/146 (147) HPs)
             Began as a Kobold Berserker on Feb 21, 2016.
             Was a High Priest of Trog.
             Killed from afar by a tengu reaver (17 damage)
             ... with a bolt of lightning
             ... on level 4 of the Vaults on Mar 2, 2016.
             The game lasted 01:54:32 (53766 turns).

MDvedh the Fetichist (Kobold Berserker)            Turns: 53766, Time: 01:54:32

HP:   -4/146 (147)  AC: 24    Str: 20    XL:     22   Next: 95%
MP:   35/35         EV: 29    Int:  5    God:    Trog [*****.]
Gold: 2384          SH: 11    Dex: 26    Spells: 0 memorised, 21 levels left

rFire  . . .     SeeInvis +     V - +11 rapier "Atiesur" {freeze, MR+}
rCold  . . .     Gourm    .     a - +0 chain mail of the Marlin {rPois Slay+3} (curse)
rNeg   . . .     Faith    .     P - +0 buckler
rPois  +         Spirit   .     F - +1 helmet {SInv}
rElec  .         Dismiss  .     X - +2 cloak {+Inv}
rCorr  .         Reflect  +     i - +1 pair of gloves {archery}
SustAt .         Harm     .     (no boots)
MR     +++++                    v - +3 amulet of reflection
Stlth  ++++......               Y - ring of protection from magic
                                x - +5 ring of dexterity

@: lethally poisoned (-4 -> -5), very slightly contaminated, recuperating,
diseased, slowed, invisible (expiring), very slow, almost entirely resistant to
hostile enchantments, stealthy
A: slimy green scales 1, carnivore 3, poison resistance
a: Berserk, Trog's Hand, Brothers in Arms, Burn Spellbooks, Renounce Religion,
Turn Visible
}: 2/15 runes: serpentine, barnacled


You were on level 4 of the Vaults.
You worshipped Trog.
Trog was extremely pleased with you.
You were very full.

You visited 6 branches of the dungeon, and saw 37 of its levels.
You also visited: Labyrinth and Trove.

You collected 5442 gold pieces.
You spent 3058 gold pieces at shops.

Inventory:

Hand Weapons
 V - the +11 rapier "Atiesur" (weapon) {freeze, MR+}
   (You found it on level 3 of the Lair of Beasts)

   It has been specially enchanted to freeze those struck by it, causing extra
   injury to most foes and up to half again as much damage against particularly
   susceptible opponents.
   It can also slow down cold-blooded creatures.
   It affects your resistance to hostile enchantments.
Armour
 a - the cursed +0 chain mail of the Marlin (worn) {rPois Slay+3}
   (You found it on level 5 of the Lair of Beasts)

   It affects your accuracy and damage with ranged weapons and melee attacks
   (+3).
   It protects you from poison.
   It has a curse placed upon it.
 i - a +1 pair of gloves of archery (worn)
 F - a +1 helmet of see invisible (worn)
 P - a +0 buckler (worn)
 X - a +2 cloak of invisibility (worn)
Jewellery
 h - an uncursed ring of fire
 k - an uncursed ring of protection from cold
 v - a +3 amulet of reflection (around neck)
 x - a +5 ring of dexterity (left hand)
 H - an uncursed ring of protection from magic
 L - a +2 ring of protection
 S - an uncursed ring of positive energy
 U - an uncursed ring of resist corrosion
 W - the ring of Latul {rC+ rN+ Int+4 Slay-2}
   (You found it in a labyrinth)

   [ring of protection from cold]

   It affects your intelligence (+4).
   It affects your accuracy and damage with ranged weapons and melee attacks
   (-2).
   It protects you from cold.
   It protects you from negative energy.
 Y - a ring of protection from magic (right hand)
Wands
 y - a wand of digging (10/24)
 T - a wand of digging (10/24)
Scrolls
 e - 6 scrolls of magic mapping
 j - a scroll of brand weapon
 n - 9 scrolls of remove curse
 p - 2 scrolls of silence
 r - 4 scrolls of blinking
 t - 3 scrolls of fog
 u - 8 scrolls of teleportation
 B - 2 scrolls of noise
 C - 6 scrolls of fear
 E - 4 scrolls of enchant armour
 G - 7 scrolls of identify
 I - 3 scrolls of recharging
 M - 9 scrolls of enchant weapon
 Q - a scroll of immolation
 Z - a scroll of holy word {unknown}
Potions
 b - a potion of resistance
 d - a potion of brilliance
 g - 3 potions of invisibility
 m - 4 potions of might
 o - 7 potions of curing
 q - 3 potions of magic
 w - 3 potions of cancellation
 z - 3 potions of flight
 D - a potion of heal wounds
 K - 2 potions of agility
 N - 2 potions of haste
Books
 J - the Almanac of Confrontation and Changing
   (You found it on level 3 of the Vaults)

   Spells                             Type                      Level
   a - Flame Tongue                   Conjuration/Fire             1
   b - Beastly Appendage              Transmutation                1
   c - Irradiate                      Conjuration/Transmutation    5
   d - Blade Hands                    Transmutation                5
   e - Delayed Fireball               Conjuration/Fire             7
   Trog disapproves of the use of such an item.
Miscellaneous
 f - a phial of floods
 s - a phantom mirror
 O - a fan of gales
Comestibles
 c - 7 meat rations
 l - 6 slices of pizza
 A - 19 royal jellies


   Skills:
 + Level 18.0 Fighting
 + Level 19.1 Short Blades
 + Level 14.2 Armour
 + Level 19.4 Dodging
 + Level 13.2 Stealth
 - Level 5.9 Shields
 + Level 19.6 Evocations


You had 21 spell levels left.
You didn't know any spells.

Dungeon Overview and Level Annotations

Branches:
Dungeon (15/15)            Temple (0/1) D:4            Lair (8/8) D:10
 Shoals (4/4) Lair:6        Snake (4/4) Lair:6        Slime (0/6) Lair:6
    Orc (2/2) D:9             Elf (0/3) Orc:2        Vaults (4/5) D:14
  Crypt (0/3) Vaults:2     Depths (0/5) D:15

Altars:
Cheibriados
Elyvilon
Gozag
Kikubaaqudgha
Makhleb
Nemelex Xobeh
Okawaru
Ru
Sif Muna
Xom
Yredelemnul
Jiyva

Shops:
D:5 *   D:7 ?   D:9 %   D:11 *   D:13 *   Orc:2 %(%((   Shoals:3 (   Snake:1 [
Snake:2 !   Vaults:2 [[(

Annotations:
D:8 exclusion: 2 doors
Lair:2 exclusion: hydra
Shoals:1 exclusion: oklob plant
Shoals:4 Ilsuiw


Innate Abilities, Weirdness & Mutations

You are small and have problems with some larger weapons.
You are carnivorous and can eat meat at any time.
You are partially covered in slimy green scales (AC +2).
Your system is resistant to poisons.


Message History

You hear a shout!
You impale the tengu reaver!! You freeze the tengu reaver.
The tengu reaver is heavily wounded.
You feel sick.
The vault sentinel casts a spell at you.
You resist with almost no effort.
Unknown command.
You puncture the tengu reaver! You freeze the tengu reaver.
The tengu reaver is severely wounded.
The yaktaur captain shoots a bolt.
The bolt hits the tengu reaver!!
The tengu reaver points at you and mumbles some strange words.
The bolt of lightning hits you!
* * * LOW HITPOINT WARNING * * *
The vault sentinel shoots a bolt.
The bolt hits you but does no damage. The tengu reaver blocks your attack.
The tengu reaver is almost dead.
You feel sick. The tengu reaver casts a spell at you.
The bolt of lightning hits you!
You die...

#. ..$# .. ...# ##p# ...
# ##...## .. .#
##.....##'##..
'##..[......)c
...........Q#
..........@#
.........(## #....(...#
##..#')#.# ####()###
##(.().(## #.).)(...#
#....((..# ###
###+##+#################


You could see a tengu reaver, a yaktaur captain and a vault sentinel.

Vanquished Creatures
  A titan (Vaults:4)
  A sphinx (Vaults:2)
  Donald (Shoals:3)
  A tengu reaver (Vaults:3)
  13 greater nagas
  A deep elf sorcerer (Vaults:3)
  2 orc warlords
  15 vault wardens
  A war gargoyle (D:14)
  15 ironheart preservers
  2 salamander stormcallers
  4 stone giants
  2 deep elf demonologists (Vaults:3)
  5 merfolk javelineers (Shoals:4)
  2 eidola (Vaults:2)
  7 vault guards
  A minotaur (Lab)
  3 ettins
  4 merfolk impalers (Shoals:4)
  A great orb of eyes (Vaults:3)
  8 yaktaur captains
  2 ice dragons
  An entropy weaver (Vaults:4)
  2 rakshasas (Vaults:2)
  9 hydras
  3 catoblepae (Lair:8)
  10 naga warriors
  15 centaur warriors
  5 merfolk aquamancers
  10 anacondas
  An alligator snapping turtle (Shoals:3)
  12 ogre magi
  A merfolk avatar (Shoals:2)
  A vampire mage (Vaults:2)
  23 death yaks
  3 tengu warriors
  2 death knights
  3 satyrs
  3 deep troll earth magi
  9 shock serpents
  A storm dragon zombie (Vaults:3)
  15 naga sharpshooters
  Nergalle (Lair:1)
  4 deep elf knights
  2 fire crabs
  2 salamander mystics
  7 skeletal warriors
  3 shadow wraiths
  The ghost of wvc the Basher, a novice CeGl of Okawaru (D:8)
  3 unseen horrors
  14 sea snakes
  A death drake (shapeshifter) (Vaults:4)
  9 deep trolls
  A deep troll (shapeshifter) (Vaults:2)
  16 ironbrand convokers
  2 deep elf archers
  10 hill giants
  A tengu zombie (Vaults:3)
  7 naga ritualists
  The ghost of Kilingo the Skirmisher, a novice HOAK of Lugonu (D:6)
  A harpy (shapeshifter) (Vaults:1)
  Pikel (D:5)
  13 harpies
  12 griffons
  15 mana vipers
  21 orc knights
  A frost giant zombie (Vaults:4)
  A stone giant zombie (Vaults:4)
  5 necromancers
  30 ugly things
  2 orc sorcerers
  2 wolf spiders (Vaults:1)
  5 deep elf magi
  2 hornets
  10 cyclopes
  10 salamanders
  11 fauns
  9 manticores
  The ghost of M4edhros the Covert, a novice OpMo (D:5)
  The ghost of M4edhros the Covert, a novice OpMo of Ru (D:7)
  2 human skeletons
  A tengu skeleton (Vaults:2)
  41 black mambas
  2 centaur zombies
  7 guardian serpents
  6 sirens
  5 elephants (Lair:3)
  10 vault sentinels
  4 torpor snails
  16 naga magi
  21 spiny frogs
  A storm dragon simulacrum (Vaults:4)
  2 salamander skeletons
  3 gargoyles
  5 centaur skeletons
  7 kobold demonologists
  17 komodo dragons
  32 yaktaurs
  4 freezing wraiths
  A rime drake (Lair:3)
  A troll (shapeshifter) (Vaults:1)
  22 merfolk
  3 tengu conjurers
  A jumping spider (shapeshifter) (Vaults:3)
  2 polar bears
  10 trolls
  23 two-headed ogres
  A queen bee (Lair:5)
  A human simulacrum (Vaults:2)
  3 wind drakes
  5 snapping turtles
  44 blink frogs
  18 slime creatures
  6 boulder beetles
  A stone giant simulacrum (Vaults:3)
  6 redbacks
  2 shadows (D:14)
  A vampire (D:12)
  A tarantella (shapeshifter) (Vaults:2)
  A wyvern (shapeshifter) (Vaults:4)
  5 wraiths
  54 yaks
  8 water elementals
  2 golden eyes (shapeshifter)
  2 wyverns
  A yak (shapeshifter) (Vaults:4)
  7 basilisks
  A basilisk (shapeshifter) (Vaults:4)
  11 hippogriffs
  4 hungry ghosts
  A human (shapeshifter) (Vaults:2)
  11 vampire mosquitoes
  A deep troll zombie (Vaults:3)
  28 wolves
  3 wargs
  2 mottled dragons
  60 nagas
  20 water moccasins
  7 porcupines
  Duvessa (D:5)
  5 ice beasts
  A black bear (D:9)
  34 orc warriors
  4 sky beasts
  A slave (D:5)
  3 phantoms
  72 ogres
  A human zombie (Vaults:2)
  10 necrophages
  14 centaurs
  17 crocodiles
  11 big kobolds
  A gnoll sergeant (D:9)
  24 giant frogs
  A wyvern zombie (D:12)
  A water moccasin skeleton (D:5)
  Dowan (D:5)
  24 killer bees (Lair:5)
  13 wights
  7 electric eels
  7 crimson imps
  2 quasits
  Crazy Yiuf (D:5)
  2 giant frog skeletons (D:8)
  10 hounds
  6 jellies
  13 orc priests
  17 orc wizards
  12 iguanas
  11 worker ants
  A boulder beetle simulacrum (Vaults:2)
  48 sheep
  8 ogre zombies (D:9)
  A hound zombie (D:11)
  A worker ant zombie (D:9)
  13 gnolls
  74 river rats
  15 adders
  9 shadow imps
  An adder skeleton (D:6)
  2 adder zombies
  A worm (D:2)
  3 giant geckos
  91 orcs
  7 giant cockroaches
  A giant cockroach (shapeshifter) (Vaults:1)
  7 goblins
  10 hobgoblins
  16 jackals
  24 kobolds
  5 quokkas
  3 ball pythons
  6 bats
  7 giant newts
  4 goblin skeletons (D:9)
  A goblin zombie (D:9)
  A hobgoblin skeleton (D:9)
  A hobgoblin zombie (D:9)
  A jackal skeleton (D:5)
  2 orc skeletons (D:9)
  17 orc zombies
  A quokka skeleton (D:5)
  7 rats
  A fungus (D:5)
  A plant (Shoals:3)
1744 creatures vanquished.

Vanquished Creatures (collateral kills)
  A greater naga (Snake:4)
  A fire giant (Vaults:3)
  An ironheart preserver (Vaults:4)
  A vault guard (Vaults:4)
  An ogre mage (Vaults:3)
  2 orc knights (Vaults:4)
  2 ironbrand convokers (Vaults:3)
  A salamander (Vaults:3)
  A siren (Shoals:4)
  A komodo dragon (D:10)
  A troll (Vaults:4)
  A two-headed ogre (Vaults:3)
  3 blink frogs (Lair:8)
  A naga (Snake:4)
  An ogre (Vaults:3)
  An orc priest (Vaults:3)
  5 sheep (Lair:8)
  5 river rats (Lair:8)
  An orc (Vaults:4)
31 creatures vanquished.

Vanquished Creatures (others)
  A deep elf annihilator (Vaults:3)
  A centaur warrior (D:13)
  A deep troll (D:15)
  An orc knight (Vaults:3)
  A deep elf mage (Vaults:4)
  A salamander (Vaults:3)
  A naga mage (Snake:4)
  4 yaktaurs
  A two-headed ogre (Vaults:1)
  2 slime creatures
  An ettin skeleton (Vaults:3)
  2 orc warriors
  A slave (D:5)
  3 ogres
  A big kobold (shapeshifter) (Vaults:3)
  An orc priest (Vaults:3)
  A hound (D:12)
  A sheep (Shoals:2)
  4 orcs
  A quokka skeleton (D:5)
  9 fungi
  10 plants
49 creatures vanquished.

Grand Total: 1824 creatures vanquished

Notes
Turn   | Place    | Note
--------------------------------------------------------------
     0 | D:1      | MDvedh the Kobold Berserker began the quest for the Orb.
     0 | D:1      | Reached XP level 1. HP: 14/14 MP: 1/1
   182 | D:1      | Reached XP level 2. HP: 19/19 MP: 2/2
   370 | D:1      | Reached skill level 5 in Short Blades
   944 | D:1      | Reached XP level 3. HP: 21/23 MP: 3/3
  1053 | D:2      | Reached ** piety under Trog
  1245 | D:2      | Reached XP level 4. HP: 12/28 MP: 4/4
  1437 | D:2      | Found a burning altar of Makhleb.
  1637 | D:2      | Reached XP level 5. HP: 28/32 MP: 5/5
  1876 | D:2      | Found a snail-covered altar of Cheibriados.
  2178 | D:3      | Gained mutation: You have sharp toenails. [potion of beneficial mutation]
  2385 | D:3      | Reached *** piety under Trog
  2491 | D:3      | Reached XP level 6. HP: 37/37 MP: 6/6
  2958 | D:4      | Noticed an ogre
  2965 | D:4      | Killed an ogre
  3061 | D:4      | Reached XP level 7. HP: 32/41 MP: 7/7
  3243 | D:4      | Found an ancient bone altar of Kikubaaqudgha.
  3425 | D:4      | Reached skill level 10 in Short Blades
  3965 | D:4      | Found a staircase to the Ecumenical Temple.
  4501 | D:5      | Entered Level 5 of the Dungeon
  4501 | D:5      | Noticed M4edhros's ghost (novice OpMo)
  4518 | D:5      | Reached XP level 8. HP: 33/46 MP: 8/8
  4525 | D:5      | Killed M4edhros's ghost
  4818 | D:5      | Noticed Pikel
  4865 | D:5      | Killed Pikel
  4865 | D:5      | Reached XP level 9. HP: 51/51 MP: 9/9
  4959 | D:5      | Noticed Duvessa
  4959 | D:5      | Noticed Dowan
  4970 | D:5      | Killed Dowan
  4974 | D:5      | Killed Duvessa
  5085 | D:5      | Reached **** piety under Trog
  5205 | D:5      | Found a burning altar of Makhleb.
  5263 | D:5      | Reached skill level 15 in Short Blades
  5285 | D:5      | Found Sytilyop's General Store.
  5289 | D:5      | Bought a scroll of blinking for 112 gold pieces
  5723 | D:5      | Noticed Crazy Yiuf
  5731 | D:5      | Killed Crazy Yiuf
  6096 | D:6      | Noticed Kilingo's ghost (novice HOAK)
  6113 | D:6      | Killed Kilingo's ghost
  6512 | D:6      | Reached XP level 10. HP: 58/58 MP: 10/10
  7008 | D:7      | Found Vabofadu's Magic Scroll Emporium.
  7016 | D:7      | Bought a scroll of enchant armour for 112 gold pieces
  7087 | D:7      | Noticed M4edhros's ghost (novice OpMo)
  7107 | D:7      | Killed M4edhros's ghost
  7107 | D:7      | Reached skill level 5 in Fighting
  7107 | D:7      | Reached skill level 5 in Dodging
  7273 | D:7      | Found a white marble altar of Elyvilon.
  7649 | D:8      | Found a white marble altar of Elyvilon.
  7863 | D:8      | Noticed wvc's ghost (novice CeGl)
  7877 | D:8      | Killed wvc's ghost
  8290 | D:9      | Reached ***** piety under Trog
  8355 | D:9      | Found a deep blue altar of Sif Muna.
  8520 | D:9      | Found Icaoc's Food Shop.
  8529 | D:9      | Found a basalt altar of Yredelemnul.
  8597 | D:9      | Reached skill level 5 in Armour
  8614 | D:9      | Found an iron altar of Okawaru.
  8679 | D:9      | Found a sacrificial altar of Ru.
  8779 | D:9      | Found a staircase to the Orcish Mines.
  8866 | D:9      | Reached XP level 11. HP: 53/67 MP: 11/11
  9623 | D:9      | Gained mutation: Your mind is acute. (Int +2) [mutagenic meat]
 10163 | D:10     | Entered Level 10 of the Dungeon
 10222 | D:10     | HP: 3/69 [komodo dragon (25)]
 10639 | D:10     | Noticed a hill giant
 10643 | D:10     | Noticed a death yak
 10676 | D:10     | Killed a hill giant
 10676 | D:10     | Received a gift from Trog
 10772 | D:10     | Found a staircase to the Lair.
 10773 | D:10     | Noticed a death yak
 10798 | D:10     | Killed a death yak
 11120 | D:10     | Killed a death yak
 11120 | D:10     | Reached skill level 1 in Stealth
 11225 | D:10     | Reached skill level 10 in Dodging
 11233 | D:10     | Reached XP level 12. HP: 76/76 MP: 12/12
 11638 | D:10     | Found a portal to a secret trove of treasure.
 11835 | Lair:1   | Entered Level 1 of the Lair of Beasts
 12120 | Lair:1   | Noticed Nergalle
 12132 | Lair:1   | Killed Nergalle
 12132 | Lair:1   | Reached skill level 10 in Fighting
 13173 | Lair:2   | Reached skill level 5 in Stealth
 13259 | Lair:2   | Noticed a seven-headed hydra
 14457 | Lair:3   | Received a gift from Trog
 14651 | Lair:2   | Reached XP level 13. HP: 44/83 MP: 13/13
 15610 | Lair:3   | Got an ichor-stained rapier
 15621 | Lair:3   | Identified the +11 rapier "Atiesur" {freeze, MR+} (You found it on level 3 of the Lair of Beasts)
 16049 | Lair:4   | Found a labyrinth entrance.
 16064 | Lab      | Entered a labyrinth
 16169 | Lab      | Noticed a minotaur
 16179 | Lab      | Killed a minotaur
 16320 | Lab      | Got a clouded iron ring
 16336 | Lab      | Identified the ring of Latul {rC+ rN+ Int+4 Slay-2} (You found it in a labyrinth)
 16606 | Lair:4   | Received a gift from Trog
 16660 | Lair:4   | Got a crude dagger {god gift}
 16663 | Lair:4   | Identified the +6 dagger of Dishonour {drain, rC+ Int+2 SInv} (Trog gifted it to you on level 4 of the Lair of Beasts)
 17090 | Lair:5   | Reached skill level 1 in Evocations
 17117 | Lair:5   | Reached XP level 14. HP: 92/92 MP: 15/15
 17172 | Lair:5   | Got a slimy chain mail
 17183 | Lair:5   | Identified the cursed +0 chain mail of the Marlin {rPois Slay+3} (You found it on level 5 of the Lair of Beasts)
 17635 | Lair:5   | Reached ****** piety under Trog
 17666 | Lair:5   | Received a gift from Trog
 17767 | Lair:5   | You fall through a shaft for 3 floors!
 17767 | Lair:8   | Entered Level 8 of the Lair of Beasts
 17849 | Lair:8   | Reached skill level 5 in Evocations
 17884 | Lair:8   | Reached skill level 10 in Armour
 18150 | Lair:8   | Received a gift from Trog
 18604 | Lair:8   | Found a snail-covered altar of Cheibriados.
 19117 | Lair:8   | Reached XP level 15. HP: 98/98 MP: 19/19
 19544 | Lair:8   | Received a gift from Trog
 20552 | Lair:7   | Found an iron altar of Okawaru.
 20692 | Lair:7   | Reached skill level 10 in Stealth
 20695 | Lair:7   | Reached skill level 15 in Dodging
 21494 | Lair:7   | Found a shimmering altar of Xom.
 22136 | Lair:6   | Found a staircase to the Snake Pit.
 22543 | Lair:6   | Found a viscous altar of Jiyva.
 22544 | Lair:6   | Found a staircase to the Slime Pits.
 22850 | Lair:6   | Found a staircase to the Shoals.
 22952 | Lair:5   | Received a gift from Trog
 23320 | Lair:5   | Reached XP level 16. HP: 85/105 MP: 22/22
 23638 | Orc:1    | Entered Level 1 of the Orcish Mines
 23998 | Orc:2    | Entered Level 2 of the Orcish Mines
 24034 | Orc:2    | Reached skill level 1 in Shields
 24068 | Orc:2    | Received a gift from Trog
 24129 | Orc:2    | Found Adocupau's Antique Weapon Shoppe.
 24137 | Orc:2    | Found Jimit's Weapon Shop.
 24137 | Orc:2    | Found Aqipte Guto's Weapon Emporium.
 24137 | Orc:2    | Found Boumya's Food Shop.
 24149 | Orc:2    | Found a staircase to the Elven Halls.
 24658 | Orc:2    | Found Ytwaofel's Food Emporium.
 25634 | D:11     | Found Xoaziof's Assorted Antiques.
 25726 | D:11     | Reached skill level 10 in Evocations
 25738 | D:11     | Received a gift from Trog
 27812 | D:13     | Found Meucs's General Store.
 28143 | D:13     | Received a gift from Trog
 28872 | D:14     | Reached XP level 17. HP: 110/112 MP: 25/25
 28978 | D:14     | Found a gate to the Vaults.
 29130 | D:14     | Reached skill level 5 in Shields
 29554 | D:15     | Entered Level 15 of the Dungeon
 30495 | D:15     | Gained mutation: Armour fits poorly on your strangely shaped body. [mutagenic meat]
 30496 | D:15     | Gained mutation: You have a pair of small antennae on your head. [mutagenic meat]
 30497 | D:15     | Gained mutation: You are partially covered in iridescent scales (AC +4). [mutagenic meat]
 30498 | D:15     | Gained mutation: You are partially covered in large bone plates (AC +2, SH +2). [mutagenic meat]
 30561 | D:15     | Found a staircase to the Depths.
 30592 | D:15     | Lost mutation: You are partially covered in iridescent scales (AC +4). [potion of cure mutation]
 30592 | D:15     | Lost mutation: You have sharp toenails. [potion of cure mutation]
 30592 | D:15     | Lost mutation: Armour fits poorly on your strangely shaped body. [potion of cure mutation]
 30592 | D:15     | Lost mutation: Your mind is acute. (Int +2) [potion of cure mutation]
 30592 | D:15     | Lost mutation: You have a pair of small antennae on your head. [potion of cure mutation]
 30592 | D:15     | Lost mutation: You are partially covered in large bone plates (AC +2, SH +2). [potion of cure mutation]
 31286 | Snake:1  | Entered Level 1 of the Snake Pit
 31342 | Snake:1  | Found Loum's Antique Armour Shop.
 31605 | Snake:1  | Bought a fine ring mail for 234 gold pieces
 31605 | Snake:1  | Identified the +4 ring mail "Zuwn" {rCorr} (You bought it in a shop on level 1 of the Snake Pit)
 31991 | Snake:1  | Received a gift from Trog
 33220 | Snake:2  | Gained mutation: Your system is resistant to poisons. [mutagenic meat]
 33221 | Snake:2  | Gained mutation: Your movements are slightly less encumbered by armour (ER -2). [mutagenic meat]
 33239 | Snake:2  | Reached XP level 18. HP: 84/118 MP: 18/27
 33451 | Snake:2  | Gained mutation: You tend to lose your temper in combat. [mutagenic meat]
 33452 | Snake:2  | Gained mutation: You have sharp toenails. [mutagenic meat]
 33453 | Snake:2  | Gained mutation: You regenerate slowly when monsters are visible. [mutagenic meat]
 33454 | Snake:2  | Gained mutation: Your flesh is cold resistant. [mutagenic meat]
 33455 | Snake:2  | Gained mutation: You possess an exceptional clarity of mind. [mutagenic meat]
 33457 | Snake:2  | Lost mutation: Your flesh is cold resistant. [potion of cure mutation]
 33457 | Snake:2  | Lost mutation: You regenerate slowly when monsters are visible. [potion of cure mutation]
 33457 | Snake:2  | Lost mutation: You possess an exceptional clarity of mind. [potion of cure mutation]
 33457 | Snake:2  | Lost mutation: You have sharp toenails. [potion of cure mutation]
 33457 | Snake:2  | Lost mutation: Your movements are slightly less encumbered by armour (ER -2). [potion of cure mutation]
 33457 | Snake:2  | Lost mutation: You tend to lose your temper in combat. [potion of cure mutation]
 33611 | Snake:2  | Found Tiroemi's Distillery.
 33616 | Snake:2  | Received a gift from Trog
 33618 | Snake:2  | Bought a potion of heal wounds for 65 gold pieces
 33618 | Snake:2  | Bought a potion of heal wounds for 65 gold pieces
 33618 | Snake:2  | Bought a potion of haste for 130 gold pieces
 33867 | Snake:2  | Reached skill level 15 in Fighting
 36224 | Snake:3  | Received a gift from Trog
 37323 | Snake:4  | Entered Level 4 of the Snake Pit
 37362 | Snake:4  | Reached XP level 19. HP: 93/124 MP: 30/30
 37855 | Snake:4  | Reached skill level 15 in Evocations
 37920 | Snake:4  | Received a gift from Trog
 38349 | Snake:4  | Received a gift from Trog
 38684 | Snake:4  | Got a serpentine rune of Zot
 38691 | Snake:4  | Upgraded the game from 0.18-a0-1372-gd644665 to 0.18-a0-1481-g708b138
 39007 | Shoals:1 | Entered Level 1 of the Shoals
 39737 | Shoals:3 | Noticed Donald
 39756 | Shoals:3 | Killed Donald
 39757 | Shoals:3 | Found Qoyf's Weapon Shop.
 39984 | Shoals:3 | Received a gift from Trog
 40121 | Shoals:4 | Entered Level 4 of the Shoals
 40193 | Shoals:4 | Got a translucent shortbow
 40215 | Shoals:4 | Reached XP level 20. HP: 131/131 MP: 30/32
 40347 | Shoals:4 | Received a gift from Trog
 40888 | Shoals:4 | Noticed Ilsuiw
 41727 | Shoals:4 | Got a barnacled rune of Zot
 42270 | Shoals:1 | Found a sparkling altar of Nemelex Xobeh.
 42634 | Trove    | Entered a treasure trove
 42643 | Trove    | Got a clouded golden amulet
 42650 | Trove    | Identified the amulet "Geoc" {+Rage Str+3} (You found it in a treasure trove)
 42818 | Vaults:1 | Entered Level 1 of the Vaults
 43058 | Vaults:1 | Reached * piety under Trog
 43271 | Vaults:1 | Gained mutation: You are partially covered in slimy green scales (AC +2). [potion of beneficial mutation]
 43571 | D:7      | Bought 3 scrolls of acquirement for 2340 gold pieces
 43573 | D:7      | Got a fine cloak
 43584 | D:7      | Identified the +1 cloak "Neru" {rPois rN+ MR+ Int-2} (You acquired it on level 7 of the Dungeon)
 45513 | Vaults:1 | Reached XP level 21. HP: 122/137 MP: 33/33
 48402 | Vaults:2 | Found a staircase to the Crypt.
 48493 | Vaults:2 | Found Gozag's Antique Weapon Emporium.
 48498 | Vaults:2 | Found an opulent altar of Gozag.
 48498 | Vaults:2 | Found Gozag's Antique Armour Emporium.
 48682 | Vaults:2 | Found Gozag's Antique Armour Shoppe.
 49034 | Vaults:2 | Received a gift from Trog
 50119 | Vaults:3 | Reached XP level 22. HP: 118/145 MP: 33/35
 50970 | Vaults:3 | Received a gift from Trog
 51887 | Vaults:3 | Received a gift from Trog
 52599 | Vaults:3 | Identified the Almanac of Confrontation and Changing
 53729 | Vaults:4 | Received a gift from Trog
 53766 | Vaults:4 | Killed from afar by a tengu reaver

Vault maps used:
D:1:      minmay_arrival_shoal_huts
D:2:      lemuel_coloured_pillars_altar, serial_park_tiny_2,
          makhleb_blood_cavern_becter
D:3:      first_bread
D:4:      nicolae_overflow_crystal_walls, temple_doors_e
D:5:      kennysheep_little_box, serial_shops, shop, uniq_pikel,
          uniq_crazy_yiuf_cottage, uniq_duvessa
D:7:      serial_shops, nicolae_shop_stone, elyvilon_altar_3
D:8:      kennysheep_mini_moat, serial_bayou_pond_e, blue_anna_alchemist
D:9:      old_standard_altar, okawaru_gym_becter, lemuel_round_altar,
          overflow_temple_1_default, zombieorc2_lemuel, serial_shops, shop
D:10:     dpeg_lair_monsters, nicolae_trove_entry_crossroad
D:11:     serial_shops, nicolae_shop_waterfront
D:12:     serial_bayou, serial_bayou_lake_a, serial_bayou_pond_a,
          serial_bayou_lagoon_b, serial_bayou_shore_b
D:13:     serial_shops, nicolae_shop_crystal, moated_statue, eino_jars
D:14:     lightli_vaults_fourway_checkpoint, serial_glass, glass_columns_c,
          glass_columns_a
D:15:     hangedman_depths_entry_civil_slaughter
Lair:1:   beast_lair_carwin_6, wad_woods_river_01, lemuel_fruit_tree,
          uniq_nergalle
Lair:2:   serial_bayou_pond_e
Lair:4:   lab_entry_generic, kennysheep_basilisk_garden
Lair:5:   special_room
Lair:6:   minmay_shoals_entry_hut, minmay_snake_entry_guardpost_small,
          slime_altar_1, roderic_carrion_pond, bh_autumn_forest_stairs
Lair:7:   basic_altar, lemuel_centaur_altar, lemuel_fruit_fields,
          serial_bayou_shore_b
Lair:8:   evilmike_catoblepas_cave, kennysheep_snail_temple
Shoals:1: lemuel_oklob_altar
Shoals:2: uniq_polyphemus
Shoals:3: serial_shops, shop, uniq_donald
Shoals:4: shoals_end_simple, shoal_ilsuiw
Snake:1:  serial_shops, nicolae_shop_crystal, grunt_megastairs_4
Snake:2:  serial_shops, shop_statue
Snake:4:  grunt_snake_rune_pools, st_stairs_7
Orc:2:    st_orc_ogre_mass, serial_shops, shop_fountains
Vaults:1: ontoclasm_vaults_claustrophobia, vaults_room_door_hall,
          dpeg_vaults_pockets_of_resistance, v_misc_3, ontoclasm_vaults_fault,
          v_misc_1, hangedman_vaults_trim, v_pattern_3,
          vaults_mumra_minichess_inversion, nicolae_vaults_little_squares_4
Vaults:2: kennysheep_vaults_gozag_temple, minmay_crypt_entry_simple_walls,
          v_misc_27, nicolae_vaults_big_ls, ontoclasm_vaults_pinch,
          nicolae_vaults_triangles
Vaults:3: ontoclasm_vaults_twist, hangedman_vaults_hat, ontoclasm_vaults_tryst,
          st_smaller_cells, vaults_room_door_hall, ontoclasm_vaults_bender,
          grunt_vaults_funnel, nicolae_vaults_twisting_passages,
          vaults_room_semicircle, nicolae_vaults_little_squares_4,
          vaults_standard_mumra_enter_the_diamond,
          nicolae_vaults_diagonal_hallway_8
Vaults:4: nicolae_vaults_big_angled_halls, st_octagons_2,
          hangedman_vaults_stagger, hangedman_vaults_trim, v_misc_23,
          hangedman_vaults_slice, nicolae_vaults_sealed_display,
          vaults_dpeg_diagonal, vaults_room_semicircle, vaults_room_door_ring,
          nicolae_vaults_little_squares_4, ontoclasm_vaults_hangar,
          dpeg_vaults_monster_box, nicolae_vaults_gold_heap,
          vaults_mumra_hexcomb, serial_shops, shop
Lab:      labyrinth_skeletal_remains, lab_fountain, nicolae_lab_stuck
Trove:    trove_simple

Skill      XL: |  1  2  3  4  5  6  7  8  9 10 11 12 13 14 15 16 17 18 19 20 21 22 |
---------------+-------------------------------------------------------------------+-----
Short Blades   | 5 6 7 8 9 11 14 15 17 18 19 | 19.1
Fighting       | 5 10 15 16 17 18 | 18.0
Dodging        | 5 10 15 16 17 18 19 | 19.4
Armour         | 5 10 13 14 | 14.2
Stealth        | 1 5 10 13 | 13.2
Evocations     | 1 5 10 16 17 19 | 19.6
Shields        | 1 5 |  5.9

Action                   |  1- 3 |  4- 6 |  7- 9 | 10-12 | 13-15 | 16-18 | 19-21 | 22-24 || total
-------------------------+-------+-------+-------+-------+-------+-------+-------+-------++-------
Melee: Short sword       |   121 |   218 |   209 |       |       |       |       |       ||   548
       Rapier            |       |       |   203 |  1217 |  1204 |  1695 |  2033 |   743 ||  7095
Invok: Berserk           |     1 |     2 |     5 |    14 |    10 |     4 |     2 |       ||    38
       Trog's Hand       |       |       |     1 |       |     2 |     4 |    10 |     4 ||    21
       Burn Spellbooks   |       |       |       |     2 |     1 |     3 |     2 |     1 ||     9
       Brothers in Arms  |       |       |       |     1 |     1 |     1 |     2 |     1 ||     6
 Abil: Evoke Invisibilit |       |       |       |       |       |       |    14 |     4 ||    18
Evoke: Wand              |       |       |       |     5 |     1 |     1 |       |       ||     7
       Fan of gales      |       |       |       |       |       |       |       |     1 ||     1
       Phial of floods   |       |       |       |       |       |       |       |     1 ||     1
  Use: Scroll            |       |    16 |     4 |     9 |    10 |     8 |     8 |       ||    55
       Potion            |       |     1 |       |       |     2 |     4 |    13 |     3 ||    23
 Stab: Paralysed         |       |       |       |     2 |       |       |       |       ||     2
       Sleeping          |       |       |       |     8 |    10 |    15 |    22 |     7 ||    62
       Distracted        |       |       |       |       |     2 |     4 |     4 |     2 ||    12
       Invisible         |       |       |       |       |       |       |    70 |    25 ||    95
       Held in net/web   |       |       |       |       |       |       |     1 |       ||     1
  Eat: Chunk             |     9 |     9 |    15 |    44 |    33 |    62 |    48 |    17 ||   237
       Meat ration       |       |       |       |       |       |     2 |       |       ||     2
       Beef jerky        |       |       |       |       |       |       |     2 |       ||     2
